 Dungeon Crawl Stone Soup version 0.31.0-11-ge490571c62 (webtiles) character file.

Game seed: 9726380597081969123

10530 hikkokomori the Thaumaturge (level 11, -1/67 HPs)
             Began as a Deep Elf Earth Elementalist on Feb 3, 2024.
             Was a Priest of Jiyva.
             Slain by a vampire mosquito (8 damage)
             ... on level 11 of the Dungeon on Feb 4, 2024.
             The game lasted 00:31:34 (10850 turns).

hikkokomori the Thaumaturge (DEEE)                 Turns: 10850, Time: 00:31:35

Health: -1/67      AC:  4    Str:  5    XL:     11   Next: 37%
Magic:  10/28      EV: 12    Int: 25    God:    Jiyva [***...]
Gold:   518        SH:  0    Dex: 15    Spells: 6/33 levels left

rFire   . . .        E - staff of earth
rCold   . . .        (no shield)
rNeg    . . .        a - +0 robe
rPois   .            (no helmet)
rElec   .            x - +0 cloak
rCorr   +            (no gloves)
SInv    +            g - +0 pair of boots
Will    +....        C - amulet of regeneration
Stlth   ++           k - ring of see invisible
HPRegen 2.23/turn    z - ring of wizardry
MPRegen 0.77/turn

%: wizardry (x1)
@: no status effects
A: no striking features
a: Renounce Religion, Oozemancy


You were on level 11 of the Dungeon.
You worshipped Jiyva.
Jiyva was most pleased with you.
You visited 2 branches of the dungeon, and saw 12 of its levels.
You also visited: Bailey.

You collected 518 gold pieces.

Inventory:

Hand Weapons
 d - a +3 dagger of protection
 h - a -1 demon whip of venom
 u - a +2 short sword of draining
 y - a +2 dagger of flaming
 F - a +2 mace of draining
 K - a +7 spear of flaming
Missiles
 L - 3 throwing nets
Armour
 a - a +0 robe (worn)
 g - a +0 pair of boots (worn)
 x - a +0 cloak (worn)
 M - a +0 troll leather armour
Magical Staves
 E - a staff of earth (weapon)
Jewellery
 k - a ring of see invisible (left hand)
 m - a ring of positive energy
 z - a ring of wizardry (right hand)
 C - an amulet of regeneration (around neck)
Wands
 D - a wand of light (5)
Scrolls
 e - 10 scrolls of teleportation
 f - 2 scrolls of fog
 i - a scroll of enchant armour
 p - 2 scrolls of summoning {unknown}
 q - a scroll of enchant weapon
 t - a scroll of torment {unknown}
 v - 3 scrolls of noise
 w - a scroll of revelation {unknown}
 A - a scroll of fear
 B - 2 scrolls of amnesia
Potions
 b - a potion of magic
 c - a potion of attraction
 j - 3 potions of brilliance
 l - 3 potions of mutation
 n - 5 potions of heal wounds
 o - a potion of experience
 r - 3 potions of haste
 s - a potion of enlightenment
 G - 3 potions of invisibility {unknown}
 H - a potion of might {unknown}
 I - a potion of ambrosia {unknown}
 J - a potion of curing


   Skills:
 + Level 7.2 Fighting
 - Level 2.4 Dodging
 - Level 2.4 Stealth
 + Level 11.5 Spellcasting
 - Level 4.3 Conjurations
 - Level 3.6 Hexes
 + Level 7.6 Summonings
 - Level 1.5 Ice Magic
 - Level 7.2 Earth Magic
 + Level 8.1 Alchemy
 + Level 3.3 Evocations


You had 6 spell levels left.
You knew the following spells:

 Your Spells              Type           Power      Damage    Failure   Level
a - Sandblast             Erth           100%       2d20      1%          1
b - Stone Arrow           Conj/Erth      100%       3d13      1%          3
c - Summon Ice Beast      Ice/Summ       37%        N/A       1%          3
d - Summon Mana Viper     Hex/Summ       42%        N/A       4%          5
e - Petrify               Alch/Erth      68%        N/A       1%          4
f - Passwall              Erth           66%        N/A       1%          3
g - Brom's Barrelling Bo  Conj/Erth      60%        2d8       1%          4
h - Martyr's Knell        Necr/Summ      33%        N/A       3%          4

Your spell library contained the following spells:

 Spells                   Type           Power      Damage    Failure   Level
 Cigotuvi's Dreadful Rot  Necr/Alch/Air  56%        N/A       1%          2
 Dispel Undead            Necr           14%        3d10      16%         4
 Death Channel            Necr           7%         N/A       92%         6
 Monstrous Menagerie      Summ           25%        N/A       50%         7


Dungeon Overview and Level Annotations

Branches:
Dungeon (11/15)            Temple (1/1) D:5          Bailey (visited)
   Lair: D:8-11         Orc: D:9-12

Altars:
Ashenzari
Cheibriados
Dithmenos
Elyvilon
Fedhas
Gozag
Hepliaklqana
Kikubaaqudgha
Makhleb
Nemelex Xobeh
Okawaru
Qazlal
Ru
Sif Muna
Trog
Uskayaw
Vehumet
Wu Jian
Xom
Yredelemnul
Zin
The Shining One
Jiyva


Message History

The stone arrow hits the vampire mosquito!!
The vampire mosquito is almost destroyed.
The vampire mosquito bites you.
The vampire mosquito draws strength from your injuries!
The vampire mosquito bites you!
The vampire mosquito draws strength from your injuries!
The vampire mosquito misses you. The vampire mosquito bites you.
* * * LOW HITPOINT WARNING * * *
The vampire mosquito draws strength from your injuries!
Unknown command.
Okay, then.
Okay, then.
Casting: Stone Arrow (safe; 1% risk of failure)
Confirm with . or Enter, or press ? or * to list all spells.
A mana viper appears with a sibilant hiss.
The vampire mosquito bites you!
* * * LOW HITPOINT WARNING * * *
The vampire mosquito draws strength from your injuries!
The vampire mosquito bites you.
* * * LOW HITPOINT WARNING * * *
The vampire mosquito draws strength from your injuries!
The vampire mosquito barely misses you.
Unknown command.
Unknown command.
Okay, then.
Okay, then.
Unknown command.
Unknown command.
Casting: Summon Mana Viper (dangerous; 4% risk of failure)
Confirm with . or Enter, or press ? or * to list all spells.
A chill wind blows around you.
The vampire mosquito bites you but does no damage. x2
The vampire mosquito bites you.
* * * LOW HITPOINT WARNING * * *
The vampire mosquito draws strength from your injuries!
The vampire mosquito barely misses you. The vampire mosquito bites you.
* * * LOW HITPOINT WARNING * * *
The vampire mosquito draws strength from your injuries!
The vampire mosquito bites you!
You die...

....#. ......
.....#..#.. .........
..##.#....... .#..
..#..#......# ....
....#...Y.. #...
#.....yy# #..
##....y@#
##..###.....S##
..+......#.....#
..............##
...~.#.†...###
...........## #####.
~#........#####......
#..##.#.##....#.#...#
......######'##.....#


You could see 3 vampire mosquitoes, a friendly mana viper (summoned) and a
friendly ice beast (summoned).

Vanquished Creatures
  Pikel (D:7)
  An orc knight (Bailey)
  An orange demon (D:8)
  A rime drake (D:11)
  A kobold demonologist (D:7)
  2 trolls
  4 hornets
  Sigmund (D:3)
  A wraith (D:7)
  A wyvern (D:9)
  A shadow (D:10)
  A steam dragon (D:8)
  A vampire mosquito (D:11)
  Menkaure (D:7)
  An acid dragon (D:9)
  A water moccasin (D:9)
  Duvessa (D:6)
  3 orc warriors
  A sky beast (D:8)
  5 ice beasts
  2 wolves (D:11)
  An ogre (D:4)
  2 centaurs
  A phantom (D:7)
  4 kobold brigands
  5 bullfrogs
  3 scorpions
  A gnoll sergeant (D:9)
  4 wights (D:8)
  Dowan (D:6)
  21 killer bees
  2 howler monkeys
  A hound (D:4)
  2 bombardier beetles
  A gnoll bouda (D:7)
  6 orc priests
  5 jellies
  5 iguanas
  9 orc wizards
  23 gnolls
  6 adders
  A shadow imp (D:7)
  2 white imps
  2 dart slugs
  A ribbon worm (D:3)
  33 orcs
  5 bats
  13 endoplasms
  2 giant cockroaches
  10 goblins
  4 hobgoblins
  4 jackals (D:3)
  16 kobolds
  4 quokkas
  10 ball pythons
  A frilled lizard (D:1)
  6 rats
249 creatures vanquished.

Vanquished Creatures (collateral kills)
  A two-headed ogre (D:8)
  Amaemon (D:8)
  A water moccasin (D:8)
  An orc warrior (D:10)
  An ice beast (D:11)
  2 wolves (D:11)
  A bullfrog (D:7)
  A wight (D:8)
  3 orc priests
  2 orcs (D:7)
14 creatures vanquished.

Vanquished Creatures (others)
  An oklob plant (D:10)
  A gnoll sergeant (D:8)
  3 killer bees
  10 jellies
  A howler monkey (D:8)
  4 orcs
  5 endoplasms (D:10)
  A boulder (D:10)
26 creatures vanquished.

Grand Total: 289 creatures vanquished

Notes
Turn   | Place    | Note
-------+----------+-------------------------------------------
     0 | D:1      | hikkokomori the Deep Elf Earth Elementalist began the quest
                  | for the Orb.
     0 | D:1      | Reached XP level 1. HP: 10/10 MP: 6/6
   157 | D:1      | Reached XP level 2. HP: 16/16 MP: 6/8
   807 | D:2      | Reached skill level 1 in Fighting
   807 | D:2      | Reached XP level 3. HP: 20/20 MP: 8/10
   959 | D:2      | Found a hazy altar of Hepliaklqana.
  1360 | D:3      | Reached skill level 4 in Spellcasting
  1360 | D:3      | Reached XP level 4. HP: 25/25 MP: 10/12
  1422 | D:3      | Noticed Sigmund
  1429 | D:3      | Learned a level 3 spell: Stone Arrow
  1657 | D:4      | Noticed an ogre
  1669 | D:4      | Killed an ogre
  1670 | D:4      | Reached XP level 5. HP: 30/30 MP: 6/13
  1931 | D:4      | Reached skill level 5 in Spellcasting
  1931 | D:4      | Reached XP level 6. HP: 32/35 MP: 11/15
  2652 | D:5      | Entered Level 5 of the Dungeon
  2684 | D:5      | Reached skill level 5 in Earth Magic
  2967 | D:3      | Killed Sigmund
  2968 | D:3      | Reached XP level 7. HP: 31/41 MP: 4/17
  2971 | D:3      | Reached skill level 6 in Spellcasting
  3146 | D:3      | Learned a level 3 spell: Summon Ice Beast
  3243 | D:5      | Found a staircase to the Ecumenical Temple.
  3254 | Temple   | Entered the Ecumenical Temple
  3478 | D:5      | Reached skill level 1 in Summonings
  3478 | D:5      | Reached skill level 1 in Ice Magic
  3986 | D:5      | Learned a level 5 spell: Summon Mana Viper
  3991 | D:5      | Learned a level 4 spell: Petrify
  4068 | D:6      | Found a glowing silver altar of Zin.
  4129 | D:6      | Found a radiant altar of Vehumet.
  4183 | D:6      | Reached skill level 1 in Hexes
  4333 | D:6      | Noticed Duvessa
  4334 | D:6      | Noticed Dowan
  4336 | D:6      | Killed Dowan
  4337 | D:6      | Reached skill level 1 in Alchemy
  4346 | D:6      | Killed Duvessa
  4347 | D:6      | Reached XP level 8. HP: 11/48 MP: 15/19
  4603 | D:6      | Found a shadowy altar of Dithmenos.
  4745 | D:6      | Reached skill level 7 in Spellcasting
  5013 | D:6      | Learned a level 3 spell: Passwall
  5412 | D:7      | Noticed a hornet
  5598 | D:7      | Paralysed by a hornet for 1 turns
  5599 | D:7      | Killed a hornet
  5600 | D:7      | Reached XP level 9. HP: 31/52 MP: 15/22
  5633 | D:7      | Reached skill level 8 in Spellcasting
  6049 | D:7      | Noticed Pikel
  6063 | D:7      | Killed Pikel
  6064 | D:7      | Reached skill level 5 in Fighting
  6273 | D:7      | Reached skill level 5 in Alchemy
  6390 | D:7      | Reached skill level 9 in Spellcasting
  6593 | D:7      | Noticed a kobold demonologist
  6609 | D:7      | Killed a kobold demonologist
  6769 | D:7      | Reached skill level 5 in Summonings
  6905 | D:7      | Noticed Menkaure
  6908 | D:7      | Killed Menkaure
  6909 | D:7      | Reached XP level 10. HP: 60/60 MP: 18/25
  7230 | D:8      | Noticed Amaemon
  7232 | D:8      | Found a viscous altar of Jiyva.
  7246 | D:8      | Killed Amaemon
  7353 | D:8      | Noticed an orange demon
  7358 | D:8      | Killed an orange demon
  7603 | D:8      | Reached skill level 10 in Spellcasting
  7672 | D:8      | Noticed a two-headed ogre
  7948 | D:8      | Became a worshipper of Jiyva Jyghosm the Shapeless
  8017 | D:8      | Killed a two-headed ogre
  8452 | D:8      | Found a shimmering altar of Xom.
  8721 | D:9      | Learned a level 4 spell: Brom's Barrelling Boulder
  8734 | D:9      | Found a flagged portal.
  8889 | D:9      | Reached * piety under Jiyva
  8960 | Bailey   | Entered a bailey
  9013 | Bailey   | Learned a level 4 spell: Martyr's Knell
  9153 | Bailey   | Noticed an orc knight
  9156 | Bailey   | Killed an orc knight
  9157 | Bailey   | Reached skill level 11 in Spellcasting
  9157 | Bailey   | Reached skill level 1 in Evocations
  9186 | Bailey   | Reached XP level 11. HP: 62/66 MP: 16/28
  9484 | D:9      | Reached ** piety under Jiyva
 10089 | D:9      | Found a hazy altar of Hepliaklqana.
 10195 | D:10     | Entered Level 10 of the Dungeon
 10234 | D:10     | Killed an oklob plant
 10511 | D:10     | Paralysed by a hornet for 2 turns
 10596 | D:10     | Reached *** piety under Jiyva
 10850 | D:11     | Slain by a vampire mosquito

Illustrated notes

Levels and vault maps discovered:
D:1:      psy_arrival_whirlpool, layout_rooms
D:2:      layout_rooms, basic_altar
D:3:      layout_rooms, dk_noncrumbling_2, minmay_misc_feat_diagonals,
          grunt_decor_one_mirror, uniq_sigmund
D:4:      layout_basic
D:5:      layout_basic, minmay_temple_entry_junction
D:6:      layout_layer_cave, nicolae_overflow_crystal_walls,
          mainiacjoe_overflow_six_doors_small, nicolae_dithmenos_shadow_blocks,
          uniq_duvessa
D:7:      layout_basic, minmay_small_thing, uniq_menkaure, uniq_pikel
D:8:      layout_basic, xom_confusion_cloud, jiyva_altar_1, uniq_amaemon
D:9:      layout_basic, lemuel_coloured_pillars_altar, enter_bailey_5
D:10:     lemuel_slime, layout_small_grid
D:11:     layout_stronghold, hellmonk_lair_entry_icy
Temple:   minmay_temple_bridge_d

Skill      XL: |  1  2  3  4  5  6  7  8  9 10 11 |
---------------+----------------------------------+-----
Fighting       | 1 2 3 4 5 6 7 |  7.2
Conjurations   | 2 3 4 |  4.3
Spellcasting   | 4 5 6 7 9 11 | 11.5
Earth Magic    | 4 5 6 7 |  7.2
Summonings     | 1 3 5 7 |  7.6
Ice Magic      | 1 |  1.5
Hexes          | 2 3 |  3.6
Alchemy        | 1 4 5 7 8 |  8.1
Evocations     | 1 3 |  3.3
Dodging        | |  2.4
Stealth        | |  2.4

Action                     |  1- 3 |  4- 6 |  7- 9 | 10-12 || total
---------------------------+-------+-------+-------+-------++-------
  Melee: Dagger            |       |     2 |     7 |       ||     9
         Short sword       |       |     1 |    18 |       ||    19
         Staff             |       |       |    55 |     4 ||    59
         Demon whip        |       |       |       |     9 ||     9
   Cast: Sandblast         |    49 |    52 |    17 |    22 ||   140
         Stone Arrow       |       |    10 |   100 |   148 ||   258
         Summon Ice Beast  |       |       |     2 |     5 ||     7
         Summon Mana Viper |       |       |     1 |     6 ||     7
         Petrify           |       |       |     1 |       ||     1
         Martyr's Knell    |       |       |       |     3 ||     3
         Brom's Barrelling |       |       |       |     1 ||     1
  Evoke: Wand              |       |       |       |     1 ||     1
    Use: Scroll            |     7 |     2 |     2 |     8 ||    19
         Potion            |       |       |     3 |       ||     3
 Armour: Robe              |     3 |    17 |    86 |    87 ||   193
  Dodge: Dodged            |     3 |    18 |    90 |    55 ||   166
